 Dungeon Crawl Stone Soup version 0.27.1-34-g3ba077fa99 (webtiles) character file.

Game seed: 3178770677056415587

158 Descartes the Grasshopper (level 5, 0/22 HPs)
             Began as a Felid Warper on Jan 21, 2022.
             Was an Initiate of Gozag.
             Hit by a stone thrown by a hobgoblin (5 damage)
             ... on level 4 of the Dungeon.
             The game lasted 00:08:41 (6452 turns).

Descartes the Grasshopper (Felid Warper)            Turns: 6452, Time: 00:08:41

Health: 0/22       AC:  1    Str:  8    XL:     5   Next: 16%
Magic:  9/9        EV: 19    Int: 15    God:    Gozag
Gold:   195        SH:  0    Dex: 15    Spells: 1/8 levels left
                                        Lives:  0   Deaths: 1

rFire    . . .     SeeInvis +     - Unarmed
rCold    . . .     Faith    .   (shield unavailable)
rNeg     . . .     Spirit   .   (armour unavailable)
rPois    .         Reflect  .   (helmet unavailable)
rElec    .         Harm     .   (cloak unavailable)
rCorr    .         Rampage  .   (gloves unavailable)
Will     .....                  (boots unavailable)
Stlth    +++.......             (no amulet)
HPRegen  0.07/turn              (no ring)
MPRegen  0.11/turn              (no ring)

@: quick
A: very small, claws 1, fangs 3, see invisible, speed 1, shaggy fur 1, stealthy
paws, no weapons or thrown items, no armour, multi-lived
a: Renounce Religion, Potion Petition, Call Merchant, Bribe Branch


You were on level 4 of the Dungeon.
You worshipped Gozag.
Gozag was aware of your devotion.
You visited 2 branches of the dungeon, and saw 5 of its levels.

You collected 244 gold pieces.
You paid 49 gold pieces to Gozag.

Inventory:

Scrolls
 a - a scroll of blinking
 c - 2 scrolls of teleportation {unknown}
 d - 8 scrolls of identify {unknown}
 e - a scroll of amnesia {unknown}
Potions
 b - a potion of degeneration
 f - a potion of flight {unknown}
 g - a potion of mutation {unknown}


   Skills:
 - Level 2.0 Fighting
 - Level 5.0 Dodging
 - Level 5.0 Stealth
 + Level 3.4 Unarmed Combat
 - Level 2.0 Spellcasting
 + Level 5.8 Translocations


You had one spell level left.
You knew the following spells:

 Your Spells              Type           Power      Damage    Failure   Level
a - Blink                 Tloc           N/A        N/A       3%          2
b - Manifold Assault      Tloc           18%        N/A       50%         5

Your spell library contained the following spells:

 Spells                   Type           Power      Damage    Failure   Level
 Shock                    Conj/Air       4%         1d3       22%         1
 Gell's Gravitas          Tloc           9%         N/A       6%          3
 Lesser Beckoning         Tloc           9%         N/A       6%          3
 Teleport Other           Tloc           18%        N/A       6%          3
 Slow                     Hex            1%         N/A       32%         2
 Confusing Touch          Hex            1%         N/A       54%         3
 Stone Arrow              Conj/Erth      2%         3d7       54%         3
 Swiftness                Air            1%         N/A       54%         3
 Vampiric Draining        Necr           0%         2d6       54%         3
 Airstrike                Air            0%         N/A       91%         4
 Yara's Violent Unravell  Hex/Tmut       0%         3d3       99%         5
 Lehudib's Crystal Spear  Conj/Erth      0%         10d2      100%        8
 Animate Armour           Summ/Erth      Unusable   N/A       N/A         4

Dungeon Overview and Level Annotations

Branches:
Dungeon (4/15)             Temple (1/1) D:4

Altars:
Ashenzari
Dithmenos
Elyvilon
Gozag
Hepliaklqana
Kikubaaqudgha
Makhleb
Nemelex Xobeh
Okawaru
Qazlal
Ru
Vehumet
Xom
The Shining One

Annotations:
D:4 2 transporters


Innate Abilities, Weirdness & Mutations

You have sharp claws.
You have razor-sharp teeth.
You have supernaturally acute eyesight. (SInv)
You cover ground quickly. (Speed+)
You are covered in fur. (AC +1)
Your paws help you pounce on unaware monsters.
You are incapable of wielding weapons or throwing items.
You cannot wear armour.
You gain extra lives every three experience levels.


Message History

You now have 195 gold pieces (gained 12).
There is an open door here.
The hobgoblin shouts! x2
You scratch the hobgoblin but do no damage.
You bite the hobgoblin, but do no damage.
The hobgoblin closely misses you.
You scratch the hobgoblin but do no damage.
The hobgoblin throws a stone.
The stone misses you.
You scratch the hobgoblin but do no damage.
The hobgoblin barely misses you.
You barely miss the hobgoblin. Your claw misses the hobgoblin.
The hobgoblin hits you with a +0 war axe!
Ouch! That really hurt!
You are too injured to fight recklessly!
You are too injured to fight recklessly!
You are too injured to fight recklessly!
You are too injured to fight recklessly!
You are too injured to fight recklessly!
You are too injured to fight recklessly!
You are too injured to fight recklessly!
You are too injured to fight recklessly!
You are too injured to fight recklessly!
You are too injured to fight recklessly!
You are too injured to fight recklessly!
You are too injured to fight recklessly!
You are too injured to fight recklessly!
You are too injured to fight recklessly!
You are too injured to fight recklessly!
You are too injured to fight recklessly!
You are too injured to fight recklessly!
You are too injured to fight recklessly!
You are too injured to fight recklessly!
You are too injured to fight recklessly!
You are too injured to fight recklessly!
You closely miss the hobgoblin. The hobgoblin misses you.
The hobgoblin hits you with a +0 dagger.
* * * LOW HITPOINT WARNING * * *
The hobgoblin throws a stone.
The stone hits you.
You die...
Your body crumbles into a pile of gold.

...........+...#...###......#<###
...........##.##.................
#####.##....#'###'#..........####
# #...#####)##..##..####...##.. #
#..##...'#'....#..# #...##.#
#####..#.....##..).#..# #.)....#
.......#.....###..## .## #...#..#
.......#.).(.'.####....# #...##..
.......##...##g.@...# .# #...#..#
......#.#####...##### #...#.##
......#......g..# #####©
................+ #.
......######....# ..
....#...............
.################### .# .#


You could see 2 hobgoblins.

Vanquished Creatures
  An ogre (D:3)
  A hound (D:3)
  An iguana (D:3)
  An orc wizard (D:4)
  3 gnolls
  An adder (D:3)
  A worm (D:3)
  3 orcs
  4 bats
  9 endoplasms
  4 giant cockroaches
  A goblin (D:1)
  3 hobgoblins
  13 jackals
  6 kobolds
  3 quokkas
  5 ball pythons
  4 frilled lizards
  10 rats
74 creatures vanquished.

Notes
Turn   | Place    | Note
-------+----------+-------------------------------------------
     0 | D:1      | Descartes the Felid Warper began the quest for the Orb.
     0 | D:1      | Reached XP level 1. HP: 9/9 MP: 4/4
   274 | D:1      | Reached skill level 1 in Stealth
   485 | D:1      | Reached XP level 2. HP: 13/13 MP: 6/6
  1512 | D:1      | Reached XP level 3. HP: 13/16 MP: 7/7
  3588 | D:3      | Noticed an ogre
  3605 | D:3      | Killed an ogre
  3606 | D:3      | Reached skill level 5 in Translocations
  3606 | D:3      | Reached XP level 4. HP: 18/19 MP: 8/8
  3606 | D:3      | Reached XP level 5. HP: 21/22 MP: 9/9
  4845 | D:4      | Found a transporter.
  4849 | D:4      | Found a transporter.
  4965 | D:4      | Found a staircase to the Ecumenical Temple.
  4974 | Temple   | Entered the Ecumenical Temple
  5206 | Temple   | Became a worshipper of Gozag Ym Sagoz the Greedy
  5398 | D:4      | HP: 1/22 [hobgoblin (7)]
  5720 | D:4      | Noticed a sky beast
  5893 | D:3      | Reached skill level 5 in Dodging
  5893 | D:3      | Reached skill level 5 in Stealth
  6149 | D:3      | Mangled by a gnoll shaman
  6150 | D:3      | Reached XP level 4. HP: -7/19 MP: 8/8
  6286 | D:4      | Reached XP level 5. HP: 21/22 MP: 9/9
  6422 | D:4      | Learned a level 2 spell: Blink
  6428 | D:4      | Learned a level 5 spell: Manifold Assault
  6452 | D:4      | Hit by a stone thrown by a hobgoblin

Illustrated notes

Levels and vault maps discovered:
D:1:      matt_arrival_refuge, layout_basic, serial_rivers,
          chequers_serial_rivers_micro_d, chequers_serial_rivers_micro_b,
          chequers_serial_rivers_micro_c, chequers_serial_rivers_micro_e,
          chequers_serial_rivers_room_b, minmay_heptomino_o4
D:2:      layout_basic, kennysheep_generic_room_7
D:3:      layout_basic
D:4:      layout_basic, minmay_temple_entry_antechambers,
          gammafunk_ghost_abyssal_escape, minmay_joined_circles
Temple:   dpeg_chambers_temple

Skill      XL: |  1  2  3  4  5 |
---------------+----------------+-----
Stealth        | 2 3 4 5 |  5.0
Dodging        | 4 5 |  5.0
Translocations | 5 |  5.8
Unarmed Combat | 3 |  3.4
Fighting       | |  2.0
Spellcasting   | |  2.0

Action                   |  1- 3 |  4- 6 || total
-------------------------+-------+-------++-------
Melee: Unarmed           |   188 |   106 ||   294
       Bite              |    16 |    17 ||    33
       Punch             |     1 |       ||     1
  Use: Potion            |       |     1 ||     1
 Stab: Sleeping          |    13 |     7 ||    20
Armor: Skin              |     8 |     2 ||    10
Dodge: Dodged            |   160 |    84 ||   244
